[Event "FICS rated blitz game"]
[Site "FICS freechess.org"]
[FICSGamesDBGameNo "20003236"]
[White "frode"]
[Black "AVA"]
[WhiteElo "1845"]
[BlackElo "1755"]
[WhiteRD "na"]
[BlackRD "na"]
[TimeControl "300+0"]
[Date "1999.10.29"]
[Time "06:44:00"]
[WhiteClock "0:05:00.000"]
[BlackClock "0:05:00.000"]
[ECO "D20"]
[PlyCount "103"]
[Result "1-0"]

1. d4 d5 2. c4 dxc4 3. e4 e6 4. Bxc4 Nf6 5. Nc3 Be7 6. e5 Nd5 7. Nxd5 exd5 8. Bd3 Nc6 9. Nf3 Bg4 10. O-O O-O 11. Be2 a6 12. h3 Bh5 13. Be3 Bg6 14. Rc1 Rc8 15. Qd2 Bb4 16. Qd1 Be7 17. Bd2 Be4 18. Qb3 Bxf3 19. Bxf3 Nxd4 20. Qd3 Nxf3+ 21. Qxf3 c6 22. Bc3 Bg5 23. Rcd1 Re8 24. Qg4 f6 25. f4 Bh6 26. exf6 Qc7 27. Be5 Qf7 28. Rfe1 Kh8 29. fxg7+ Bxg7 30. Bxg7+ Qxg7 31. Qxg7+ Kxg7 32. Kf2 Rxe1 33. Rxe1 Rc7 34. f5 Kf6 35. g4 b5 36. Re6+ Kf7 37. Ke3 a5 38. g5 Re7 39. Rxe7+ Kxe7 40. Kd4 Kd6 41. h4 c5+ 42. Ke3 Ke5 43. f6 Ke6 44. Kf4 d4 45. h5 d3 46. Ke3 c4 47. h6 Kf7 48. Kd2 b4 49. b3 a4 50. bxa4 b3 51. axb3 cxb3 52. Kxd3 {Black forfeits on time} 1-0

[Event "FICS rated lightning game"]
[Site "FICS freechess.org"]
[FICSGamesDBGameNo "20003235"]
[White "lama"]
[Black "cynic"]
[WhiteElo "1809"]
[BlackElo "1776"]
[WhiteRD "na"]
[BlackRD "na"]
[TimeControl "120+0"]
[Date "1999.10.29"]
[Time "06:07:00"]
[WhiteClock "0:02:00.000"]
[BlackClock "0:02:00.000"]
[ECO "A40"]
[PlyCount "128"]
[Result "1/2-1/2"]

1. d4 b6 2. c4 Bb7 3. d5 e6 4. Nc3 exd5 5. Nxd5 Nf6 6. Bg5 Be7 7. Nxe7 Qxe7 8. Qd2 h6 9. Bxf6 Qxf6 10. Nf3 d6 11. e3 Nd7 12. Be2 O-O 13. O-O Nc5 14. Nd4 Ne4 15. Qc2 Ng5 16. f4 Ne6 17. Nf5 Kh8 18. Bf3 Bxf3 19. gxf3 Rae8 20. Rae1 Nc5 21. e4 a5 22. Kh1 Kh7 23. Rg1 g6 24. Ng3 Qxf4 25. Qg2 Rg8 26. Rd1 f5 27. exf5 gxf5 28. Qf2 Rg5 29. Rd4 Qe5 30. f4 Qe3 31. Qxe3 Rxe3 32. fxg5 Ne6 33. Rd5 f4 34. g6+ Kg7 35. Nf5+ Kf6 36. Nxe3 fxe3 37. g7 Nxg7 38. Rf1+ Ke6 39. Re1 Nf5 40. Rd3 c6 41. Kg2 d5 42. cxd5+ cxd5 43. Rexe3+ Nxe3+ 44. Rxe3+ Kf5 45. Rh3 Kg5 46. Rb3 h5 47. Rxb6 Kf4 48. b4 axb4 49. Rxb4+ Ke5 50. a4 d4 51. a5 d3 52. Kf2 h4 53. Ke3 h3 54. Kxd3 Kd5 55. a6 Kc6 56. Rh4 Kb6 57. Rxh3 Kxa6 58. Rh5 Kb6 59. Kc4 Kc6 60. Rh6+ Kd7 61. Kd5 Ke7 62. Ra6 Kf7 63. Ke5 Kg7 64. Kf5 Kf7 {White ran out of time and Black has no material to mate} 1/2-1/2

[Event "FICS rated blitz game"]
[Site "FICS freechess.org"]
[FICSGamesDBGameNo "20003234"]
[White "razvang"]
[Black "geoffb"]
[WhiteElo "1250"]
[BlackElo "1058"]
[WhiteRD "na"]
[BlackRD "na"]
[TimeControl "240+0"]
[Date "1999.10.29"]
[Time "05:29:00"]
[WhiteClock "0:04:00.000"]
[BlackClock "0:04:00.000"]
[ECO "D00"]
[PlyCount "56"]
[Result "0-1"]

1. d4 d5 2. e3 Nc6 3. c4 Nf6 4. Nc3 e6 5. Nf3 b6 6. Bd3 Bd6 7. O-O O-O 8. Qc2 Bd7 9. Re1 Na5 10. cxd5 exd5 11. Bd2 g6 12. Rac1 c6 13. h3 Nc4 14. Bxc4 dxc4 15. Ne4 Nxe4 16. Qxe4 Be6 17. Bc3 Qe7 18. a3 c5 19. dxc5 Bxc5 20. Bd4 Bxd4 21. Qxd4 Rad8 22. Qe4 b5 23. Red1 a6 24. Nd4 Bf5 25. Qxe7 Rxd4 26. Rxd4 Kg7 27. Qe5+ f6 28. Qe7+ Rf7 {White forfeits on time} 0-1

[Event "FICS rated blitz game"]
[Site "FICS freechess.org"]
[FICSGamesDBGameNo "20003233"]
[White "frode"]
[Black "moridin"]
[WhiteElo "1839"]
[BlackElo "1794"]
[WhiteRD "na"]
[BlackRD "na"]
[TimeControl "180+0"]
[Date "1999.10.29"]
[Time "05:22:00"]
[WhiteClock "0:03:00.000"]
[BlackClock "0:03:00.000"]
[ECO "A83"]
[PlyCount "57"]
[Result "1-0"]

1. d4 f5 2. e4 fxe4 3. Nc3 Nf6 4. Bg5 Nc6 5. Bxf6 exf6 6. Nxe4 f5 7. Nc3 Bb4 8. Bd3 O-O 9. Ne2 d6 10. O-O Qg5 11. f4 Qf6 12. Nd5 Qh4 13. g3 Qh6 14. c3 Ba5 15. b4 Bb6 16. b5 Nd8 17. Bc4 Kh8 18. Nxb6 axb6 19. Qb3 Re8 20. Rfe1 Be6 21. Nc1 Bf7 22. Nd3 Rf8 23. Bxf7 Nxf7 24. Re7 Rac8 25. Rxf7 Rxf7 26. Qxf7 Qh3 27. Re1 Qg4 28. Re8+ Rxe8 29. Qxe8# {Black checkmated} 1-0

[Event "FICS rated lightning game"]
[Site "FICS freechess.org"]
[FICSGamesDBGameNo "20003231"]
[White "pim"]
[Black "flojo"]
[WhiteElo "1864"]
[BlackElo "1651"]
[WhiteRD "na"]
[BlackRD "na"]
[TimeControl "120+1"]
[Date "1999.10.29"]
[Time "04:48:00"]
[WhiteClock "0:02:00.000"]
[BlackClock "0:02:00.000"]
[ECO "E07"]
[PlyCount "108"]
[Result "0-1"]

1. d4 d5 2. c4 e6 3. g3 c6 4. Bg2 Nf6 5. Nf3 Be7 6. O-O O-O 7. Nc3 Nbd7 8. b3 Rb8 9. e4 dxe4 10. Ng5 b6 11. Ngxe4 Bb7 12. Be3 Nxe4 13. Bxe4 c5 14. d5 exd5 15. Nxd5 Bf6 16. Nxf6+ Nxf6 17. Bxb7 Rxb7 18. Bg5 Qxd1 19. Raxd1 Ne4 20. Bf4 Nf6 21. Rd6 Re8 22. Rfd1 h6 23. Kf1 Rbe7 24. Rd8 g5 25. Rxe8+ Nxe8 26. Be3 Kg7 27. Rd8 Kg6 28. Ra8 f5 29. Kg2 h5 30. h3 a5 31. Rb8 Re6 32. g4 hxg4 33. hxg4 fxg4 34. Kg3 Kf5 35. Rb7 Nf6 36. Rf7 Kg6 37. Rf8 Kg7 38. Rb8 Ne4+ 39. Kg2 Nc3 40. Bxg5 Nxa2 41. Rb7+ Kg6 42. Be3 Kf5 43. Rf7+ Ke4 44. Kg3 Kd3 45. Kxg4 Kc3 46. Rf3 Kxb3 47. Bxc5+ Kxc4 48. Bf8 b5 49. Ra3 a4 50. Rxa2 Kb3 51. Rd2 b4 52. Rd3+ Kc4 53. Rd1 b3 54. Ba3 Re2 {White forfeits on time} 0-1

[Event "FICS rated blitz game"]
[Site "FICS freechess.org"]
[FICSGamesDBGameNo "20003230"]
[White "gelevenjaws"]
[Black "alv"]
[WhiteElo "1559"]
[BlackElo "1306"]
[WhiteRD "na"]
[BlackRD "na"]
[TimeControl "240+0"]
[Date "1999.10.29"]
[Time "04:12:00"]
[WhiteClock "0:04:00.000"]
[BlackClock "0:04:00.000"]
[ECO "A00"]
[PlyCount "46"]
[Result "0-1"]

1. b4 e5 2. Bb2 d6 3. d3 Nf6 4. Nd2 Nc6 5. b5 Nb4 6. c4 Bf5 7. a3 Nxd3+ 8. exd3 Be7 9. Qf3 Qd7 10. Qxb7 O-O 11. a4 Rfb8 12. Qf3 Bg4 13. Qe3 h6 14. Be2 Bf5 15. Bf3 d5 16. Qxe5 Re8 17. Bxd5 Rad8 18. Ne4 Bb4+ 19. Kf1 Rxe5 20. Bxe5 Nxe4 21. Bxe4 Bxe4 22. dxe4 Qd3+ 23. Ne2 Qd1+ {White resigns} 0-1

[Event "FICS rated blitz game"]
[Site "FICS freechess.org"]
[FICSGamesDBGameNo "20003229"]
[White "Aza"]
[Black "shutka"]
[WhiteElo "2004"]
[BlackElo "2007"]
[WhiteRD "na"]
[BlackRD "na"]
[TimeControl "180+0"]
[Date "1999.10.29"]
[Time "03:35:00"]
[WhiteClock "0:03:00.000"]
[BlackClock "0:03:00.000"]
[ECO "B38"]
[PlyCount "112"]
[Result "1/2-1/2"]

1. e4 c5 2. Ne2 d6 3. c4 Nc6 4. d4 cxd4 5. Nxd4 Nf6 6. Nc3 g6 7. Be2 Bg7 8. Be3 O-O 9. O-O Nxd4 10. Bxd4 Be6 11. Rc1 a6 12. f4 Rc8 13. b3 Qa5 14. Qd3 Rfd8 15. f5 Bd7 16. Bxf6 Bxf6 17. Nd5 Qc5+ 18. Kh1 Rf8 19. Nxf6+ exf6 20. Rcd1 Bc6 21. Qxd6 Qxd6 22. Rxd6 Bxe4 23. fxg6 fxg6 24. Rdxf6 Rxf6 25. Rxf6 Rd8 26. Rf4 Bb1 27. Kg1 Bxa2 28. b4 b6 29. Kf2 Kg7 30. c5 bxc5 31. bxc5 a5 32. Ra4 Rf8+ 33. Ke3 Bd5 34. Rxa5 Bxg2 35. Ra7+ Kh6 36. Bb5 Rc8 37. Kd4 Bc6 38. Bxc6 Rxc6 39. Kd5 Rc8 40. Ra2 g5 41. c6 Kh5 42. Kd6 Kh4 43. Kd7 Rg8 44. c7 Rg7+ 45. Kc6 Rg6+ 46. Kb7 Rg7 47. Kb8 Rg8+ 48. c8=Q Rxc8+ 49. Kxc8 h5 50. Kd7 Kh3 51. Ke6 g4 52. Kf5 h4 53. Kg5 g3 54. hxg3 hxg3 55. Ra3 Kh2 56. Rxg3 Kxg3 {Neither player has mating material} 1/2-1/2

[Event "FICS rated blitz game"]
[Site "FICS freechess.org"]
[FICSGamesDBGameNo "20003228"]
[White "Taras"]
[Black "amarsden"]
[WhiteElo "1339"]
[BlackElo "1399"]
[WhiteRD "na"]
[BlackRD "na"]
[TimeControl "300+0"]
[Date "1999.10.29"]
[Time "02:44:00"]
[WhiteClock "0:05:00.000"]
[BlackClock "0:05:00.000"]
[ECO "B07"]
[PlyCount "42"]
[Result "0-1"]

1. e4 d6 2. f4 Nf6 3. Nc3 g6 4. Nf3 Bh6 5. d3 Nbd7 6. d4 O-O 7. Bc4 c5 8. d5 a6 9. a3 b5 10. Be2 c4 11. O-O Nc5 12. Bd2 Qb6 13. Kh1 Ncxe4 14. Qc1 e6 15. Be3 Qb7 16. dxe6 Bxe6 17. f5 Bxf5 18. Bxh6 Rfe8 19. Rb1 Nxc3 20. bxc3 Rxe2 21. Nd4 Qxg2# {White checkmated} 0-1

[Event "FICS rated blitz game"]
[Site "FICS freechess.org"]
[FICSGamesDBGameNo "20003227"]
[White "bradcj"]
[Black "crispee"]
[WhiteElo "1500"]
[BlackElo "1316"]
[WhiteRD "na"]
[BlackRD "na"]
[TimeControl "240+0"]
[Date "1999.10.28"]
[Time "23:54:00"]
[WhiteClock "0:04:00.000"]
[BlackClock "0:04:00.000"]
[ECO "B53"]
[PlyCount "70"]
[Result "0-1"]

1. e4 c5 2. Nf3 d6 3. d4 cxd4 4. Qxd4 Nf6 5. Nc3 Nc6 6. Bb5 Bd7 7. Bxc6 Bxc6 8. Bg5 e5 9. Qd3 Be7 10. O-O-O O-O 11. Bxf6 Bxf6 12. Qxd6 Qb6 13. Nd5 Bxd5 14. Qxd5 Qxf2 15. Rd2 Qb6 16. Rhd1 Rac8 17. Nxe5 Bg5 18. Nc4 Bxd2+ 19. Nxd2 Qc6 20. Qxc6 Rxc6 21. Nf3 Rfc8 22. c3 b5 23. e5 b4 24. Nd4 Rc5 25. Nb3 R5c7 26. Rd3 bxc3 27. bxc3 Rxc3+ 28. Kd2 Rc2+ 29. Ke3 Rxa2 30. Nc5 Rxg2 31. e6 fxe6 32. Nxe6 Re8 33. Rd8 Rxd8 34. Nxd8 Rxh2 35. Nc6 a6 {White resigns} 0-1

[Event "FICS rated blitz game"]
[Site "FICS freechess.org"]
[FICSGamesDBGameNo "20003226"]
[White "Zoomy"]
[Black "hazkem"]
[WhiteElo "1430"]
[BlackElo "1497"]
[WhiteRD "na"]
[BlackRD "na"]
[TimeControl "120+12"]
[Date "1999.10.28"]
[Time "23:01:00"]
[WhiteClock "0:02:00.000"]
[BlackClock "0:02:00.000"]
[ECO "C50"]
[PlyCount "50"]
[Result "0-1"]

1. e4 e5 2. Nf3 Nc6 3. Bc4 Nf6 4. O-O Bc5 5. Qe2 d6 6. d3 O-O 7. Bg5 Bg4 8. Nbd2 Nd4 9. Qe1 Nxc2 10. Qc1 Nxa1 11. Qxa1 h6 12. Bh4 g5 13. Bg3 Nh5 14. a3 a5 15. Qa2 Qf6 16. Nb3 Bb6 17. Nbd2 Nxg3 18. hxg3 h5 19. Bb3 h4 20. gxh4 gxh4 21. Nc4 Ba7 22. Nfd2 h3 23. g3 Kg7 24. Ne3 Bf3 25. Bd1 h2+ {White resigns} 0-1

[Event "FICS rated blitz game"]
[Site "FICS freechess.org"]
[FICSGamesDBGameNo "20003225"]
[White "philverb"]
[Black "vendemiatrix"]
[WhiteElo "1459"]
[BlackElo "1622"]
[WhiteRD "na"]
[BlackRD "na"]
[TimeControl "180+0"]
[Date "1999.10.28"]
[Time "22:09:00"]
[WhiteClock "0:03:00.000"]
[BlackClock "0:03:00.000"]
[ECO "A05"]
[PlyCount "35"]
[Result "0-1"]

1. Nf3 Nf6 2. g3 g6 3. b4 Bg7 4. Bb2 O-O 5. Bg2 d6 6. O-O e5 7. d3 a5 8. a3 axb4 9. axb4 Rxa1 10. Bxa1 Nc6 11. b5 Ne7 12. Nbd2 Nf5 13. c4 Be6 14. Ng5 h6 15. Nxe6 fxe6 16. Bxb7 Nh7 17. c5 Ng5 18. cxd6 {White forfeits on time} 0-1

[Event "FICS rated blitz game"]
[Site "FICS freechess.org"]
[FICSGamesDBGameNo "20003224"]
[White "notAnn"]
[Black "vintage"]
[WhiteElo "1217"]
[BlackElo "1335"]
[WhiteRD "na"]
[BlackRD "na"]
[TimeControl "300+0"]
[Date "1999.10.28"]
[Time "21:34:00"]
[WhiteClock "0:05:00.000"]
[BlackClock "0:05:00.000"]
[ECO "C02"]
[PlyCount "51"]
[Result "1-0"]

1. e4 e6 2. e5 d5 3. d4 c5 4. c3 Ne7 5. Nf3 Ng6 6. g3 cxd4 7. cxd4 Bb4+ 8. Bd2 Qe7 9. a3 Bxd2+ 10. Nbxd2 O-O 11. b4 b6 12. Bg2 Ba6 13. Bf1 Bxf1 14. Kxf1 Nc6 15. Kg2 Rac8 16. Rc1 f6 17. Re1 fxe5 18. dxe5 Rf7 19. b5 Rcf8 20. bxc6 Nxe5 21. c7 Nxf3 22. Nxf3 Rxf3 23. Qxf3 Rxf3 24. c8=Q+ Rf8 25. Qxe6+ Qxe6 26. Rxe6 {Black resigns} 1-0

[Event "FICS rated blitz game"]
[Site "FICS freechess.org"]
[FICSGamesDBGameNo "20003223"]
[White "yngvi"]
[Black "Sibelius"]
[WhiteElo "1688"]
[BlackElo "1644"]
[WhiteRD "na"]
[BlackRD "na"]
[TimeControl "120+12"]
[Date "1999.10.28"]
[Time "21:11:00"]
[WhiteClock "0:02:00.000"]
[BlackClock "0:02:00.000"]
[ECO "C26"]
[PlyCount "43"]
[Result "1-0"]

1. e4 e5 2. Nc3 Nf6 3. Bc4 Bb4 4. d3 b5 5. Bxb5 c6 6. Bc4 d5 7. exd5 cxd5 8. Bb5+ Nbd7 9. Bd2 Qa5 10. Nf3 O-O 11. Bxd7 Nxd7 12. O-O Ba6 13. Nxd5 Bxd2 14. Ne7+ Kh8 15. Qxd2 Qc5 16. Nf5 Rac8 17. Qg5 g6 18. Qh6 gxf5 19. Ng5 Nf6 20. Qxf6+ Kg8 21. Qh6 Qxf2+ 22. Rxf2 {Black resigns} 1-0

[Event "FICS rated blitz game"]
[Site "FICS freechess.org"]
[FICSGamesDBGameNo "20003219"]
[White "Sbander"]
[Black "tbd"]
[WhiteElo "1408"]
[BlackElo "1412"]
[WhiteRD "na"]
[BlackRD "na"]
[TimeControl "180+0"]
[Date "1999.10.28"]
[Time "18:09:00"]
[WhiteClock "0:03:00.000"]
[BlackClock "0:03:00.000"]
[ECO "B06"]
[PlyCount "68"]
[Result "0-1"]

1. e4 g6 2. d4 Bg7 3. Nf3 d6 4. Nc3 Nd7 5. Be3 Ngf6 6. Bb5 O-O 7. e5 Ng4 8. Bf4 dxe5 9. Bxd7 Bxd7 10. Nxe5 Nxe5 11. dxe5 Qc8 12. O-O Bc6 13. Qd2 Rd8 14. Qe3 Qf5 15. Rac1 a6 16. Ne2 Rd5 17. c4 Rd3 18. Qg3 Rxg3 19. Nxg3 Qxf4 20. Ne2 Qg4 21. f3 Qg5 22. Nd4 Bxe5 23. Nxc6 bxc6 24. Rc2 Bd4+ 25. Kh1 c5 26. b3 Kg7 27. Re2 e5 28. Re4 Rd8 29. Rg4 Qd2 30. a3 Qe2 31. Rb1 Be3 32. h3 Rd2 33. Kh2 Bf4+ 34. Kh1 Rd1+ {White forfeits on time} 0-1

[Event "FICS rated blitz game"]
[Site "FICS freechess.org"]
[FICSGamesDBGameNo "20003218"]
[White "milktoast"]
[Black "NordLyset"]
[WhiteElo "1286"]
[BlackElo "1590"]
[WhiteRD "na"]
[BlackRD "na"]
[TimeControl "300+0"]
[Date "1999.10.28"]
[Time "17:56:00"]
[WhiteClock "0:05:00.000"]
[BlackClock "0:05:00.000"]
[ECO "C47"]
[PlyCount "105"]
[Result "0-1"]

1. e4 Nf6 2. Nc3 e5 3. Nf3 Nc6 4. Bc4 Nxe4 5. Nxe4 d5 6. Bb5 dxe4 7. Bxc6+ bxc6 8. Nxe5 Qg5 9. Nxc6 Qxg2 10. Rf1 Bh3 11. Qe2 Qxf1+ 12. Qxf1 Bxf1 13. Kxf1 Bd6 14. h3 O-O 15. Nd4 Bc5 16. Nb3 Bb6 17. d3 exd3 18. cxd3 Rad8 19. d4 Bxd4 20. Nxd4 Rxd4 21. Be3 Ra4 22. a3 a6 23. Bc5 Rd8 24. Re1 Rc4 25. Be7 Re8 26. Bb4 Rxe1+ 27. Kxe1 Rh4 28. Bc5 Rxh3 29. b4 f6 30. a4 c6 31. Ke2 Kf7 32. f3 Rh2+ 33. Ke3 Ra2 34. a5 Ke6 35. Ke4 h5 36. f4 Re2+ 37. Kd3 Re1 38. Bf2 Rb1 39. Kc4 g5 40. fxg5 fxg5 41. Kc5 Kd7 42. Kb6 Rxb4+ 43. Kxa6 Rb2 44. Bd4 Rb3 45. Bb6 h4 46. Kb7 h3 47. a6 h2 48. a7 Ra3 49. a8=Q Rxa8 50. Kxa8 h1=Q 51. Kb7 g4 52. Ka6 g3 53. Ka5 {White forfeits on time} 0-1

[Event "FICS rated blitz game"]
[Site "FICS freechess.org"]
[FICSGamesDBGameNo "20003217"]
[White "Nacaf"]
[Black "Psolis"]
[WhiteElo "1712"]
[BlackElo "1866"]
[WhiteRD "na"]
[BlackRD "na"]
[TimeControl "180+0"]
[Date "1999.10.28"]
[Time "17:53:00"]
[WhiteClock "0:03:00.000"]
[BlackClock "0:03:00.000"]
[ECO "B13"]
[PlyCount "117"]
[Result "1/2-1/2"]

1. e4 c6 2. Nf3 d5 3. exd5 cxd5 4. d4 Nc6 5. c4 Nf6 6. Nc3 e6 7. Bg5 Be7 8. cxd5 Nxd5 9. Bxe7 Ndxe7 10. Bb5 O-O 11. O-O Bd7 12. Rc1 Rc8 13. Re1 a6 14. Ba4 Ng6 15. Ne5 Ncxe5 16. dxe5 Bxa4 17. Qxa4 Qd3 18. Qe4 Qxe4 19. Rxe4 Rfd8 20. Ree1 b5 21. b3 Rd3 22. Nb1 Rxc1 23. Rxc1 Kf8 24. Re1 Rd5 25. Nc3 Rxe5 26. Rxe5 Nxe5 27. f4 Nc6 28. Ne4 Nb4 29. a4 Nd3 30. g3 Nc1 31. axb5 axb5 32. b4 Nd3 33. Nc3 Nxb4 34. Nxb5 Ke7 35. Kg2 Kd7 36. Kf3 Kc6 37. Nd4+ Kd5 38. Ne2 Nc6 39. h4 Nd4+ 40. Nxd4 Kxd4 41. g4 Kd3 42. h5 h6 43. g5 Kd2 44. Ke4 Ke2 45. gxh6 gxh6 46. f5 Kf2 47. fxe6 fxe6 48. Ke5 Kg3 49. Kxe6 Kg4 50. Ke5 Kxh5 51. Kf4 Kh4 52. Kf3 Kh3 53. Kf2 Kh2 54. Kf1 h5 55. Kf2 h4 56. Kf1 h3 57. Kf2 Kh1 58. Kf1 h2 59. Kf2 {Game drawn by stalemate} 1/2-1/2

[Event "FICS rated blitz game"]
[Site "FICS freechess.org"]
[FICSGamesDBGameNo "20003216"]
[White "clisus"]
[Black "Icanwin"]
[WhiteElo "1500"]
[BlackElo "1514"]
[WhiteRD "na"]
[BlackRD "na"]
[TimeControl "120+12"]
[Date "1999.10.28"]
[Time "16:37:00"]
[WhiteClock "0:02:00.000"]
[BlackClock "0:02:00.000"]
[ECO "C44"]
[PlyCount "60"]
[Result "0-1"]

1. e4 e5 2. Nf3 d6 3. d4 Nc6 4. d5 Nce7 5. Nc3 Bg4 6. Be2 Nf6 7. O-O h6 8. h3 Bh5 9. Be3 c6 10. dxc6 Nxc6 11. Bb5 Qc7 12. Nd5 Nxd5 13. exd5 a6 14. Be2 Ne7 15. c4 Nf5 16. g4 Nxe3 17. fxe3 Bg6 18. Bd3 Bxd3 19. Qxd3 Be7 20. Rf2 O-O 21. g5 h5 22. Rg2 g6 23. Nd2 Qd8 24. Ne4 Rc8 25. h4 Qa5 26. Rf1 b5 27. b3 bxc4 28. bxc4 Qb4 29. Rgf2 Qxc4 30. Qd1 Qxe4 {White resigns} 0-1

[Event "FICS rated lightning game"]
[Site "FICS freechess.org"]
[FICSGamesDBGameNo "20003215"]
[White "mamydad"]
[Black "Jan"]
[WhiteElo "1701"]
[BlackElo "2574"]
[WhiteRD "na"]
[BlackRD "na"]
[TimeControl "120+0"]
[Date "1999.10.28"]
[Time "16:35:00"]
[WhiteClock "0:02:00.000"]
[BlackClock "0:02:00.000"]
[ECO "C10"]
[PlyCount "38"]
[Result "0-1"]

1. e4 e6 2. d4 d5 3. Nc3 dxe4 4. Nxe4 Bd7 5. Nf3 Bc6 6. Bd3 Nd7 7. O-O Ngf6 8. Nxf6+ Qxf6 9. Be2 Bxf3 10. Bxf3 c6 11. c4 Bd6 12. d5 cxd5 13. cxd5 O-O 14. dxe6 Qxe6 15. Bxb7 Rad8 16. Re1 Qg6 17. Qd4 Nc5 18. Qc4 Nxb7 19. Qb3 Qh5 {White forfeits on time} 0-1

[Event "FICS rated blitz game"]
[Site "FICS freechess.org"]
[FICSGamesDBGameNo "20003214"]
[White "Topotto"]
[Black "Fro"]
[WhiteElo "1273"]
[BlackElo "1207"]
[WhiteRD "na"]
[BlackRD "na"]
[TimeControl "120+12"]
[Date "1999.10.28"]
[Time "16:24:00"]
[WhiteClock "0:02:00.000"]
[BlackClock "0:02:00.000"]
[ECO "A40"]
[PlyCount "156"]
[Result "1/2-1/2"]

1. d4 e6 2. Nf3 d5 3. e3 Nc6 4. Nbd2 g6 5. Bd3 Bg7 6. O-O Bd7 7. c3 Qe7 8. Re1 Nf6 9. e4 dxe4 10. Nxe4 Nxe4 11. Bxe4 f5 12. Bc2 O-O-O 13. Bg5 Bf6 14. h4 h6 15. Bxf6 Qxf6 16. Ne5 Nxe5 17. dxe5 Qxh4 18. Qd4 Qxd4 19. cxd4 Bc6 20. Red1 g5 21. b4 Bd5 22. a4 h5 23. Rab1 h4 24. Bb3 Bxb3 25. Rxb3 g4 26. f4 g3 27. b5 Rh7 28. Rc3 b6 29. Rc6 Rhd7 30. Rc4 Kb7 31. Kf1 a6 32. Ke2 Rd5 33. Rdc1 R8d7 34. Ke3 axb5 35. axb5 Rxb5 36. Rc6 Rb3+ 37. Ke2 Rb2+ 38. Kf1 Rb1 39. Rxb1 Kxc6 40. Rd1 b5 41. Ke2 Kb6 42. Ke3 c6 43. Rh1 Rh7 44. Kd3 c5 45. dxc5+ Kxc5 46. Kc3 b4+ 47. Kb3 Kb5 48. Rh3 Kc5 49. Rh1 Rh8 50. Rc1+ Kb5 51. Rh1 Kc5 52. Rh3 Kb5 53. Rh1 Rh7 54. Rd1 Ra7 55. Rd6 Re7 56. Rd8 Rb7 57. Rh8 Ra7 58. Rxh4 Ra3+ 59. Kb2 Kc4 60. Rh8 Rb3+ 61. Kc2 Rc3+ 62. Kd2 Kd4 63. Rd8+ Ke4 64. Rb8 Rd3+ 65. Ke2 b3 66. Rb4+ Rd4 67. Rxb3 Ra4 68. Rf3 Ra2+ 69. Kf1 Ra1+ 70. Ke2 Ra2+ 71. Kf1 Ra1+ 72. Ke2 Ra2+ 73. Kf1 Ra1+ 74. Ke2 Ra2+ 75. Kf1 Ra1+ 76. Ke2 Ra2+ 77. Kf1 Ra1+ 78. Ke2 Ra2+ {Game drawn by repetition} 1/2-1/2

[Event "FICS rated blitz game"]
[Site "FICS freechess.org"]
[FICSGamesDBGameNo "20003213"]
[White "Sashok"]
[Black "nicksinc"]
[WhiteElo "1665"]
[BlackElo "1501"]
[WhiteRD "na"]
[BlackRD "na"]
[TimeControl "120+12"]
[Date "1999.10.28"]
[Time "16:18:00"]
[WhiteClock "0:02:00.000"]
[BlackClock "0:02:00.000"]
[ECO "D27"]
[PlyCount "98"]
[Result "1/2-1/2"]

1. d4 d5 2. c4 dxc4 3. e3 Nf6 4. Bxc4 e6 5. Nf3 c5 6. O-O a6 7. dxc5 Qxd1 8. Rxd1 Bxc5 9. Nc3 O-O 10. a3 b5 11. Ba2 Bb7 12. b4 Bb6 13. Nd4 Nc6 14. Nxc6 Bxc6 15. Bb2 Rad8 16. Ne2 Nd5 17. Rac1 Bb7 18. Bd4 Bxd4 19. Nxd4 h6 20. Bxd5 Rxd5 21. Rc7 Ba8 22. Rdc1 Rfd8 23. Rc8 e5 24. Nb3 Kh7 25. h3 Rxc8 26. Rxc8 Rd1+ 27. Kh2 Bd5 28. Nc5 Rc1 29. Rc7 Rc3 30. Nxa6 Rxa3 31. Rc5 Bc4 32. Nc7 Ra2 33. Nxb5 Bxb5 34. Rxb5 Rxf2 35. Rxe5 Rb2 36. Kg3 f6 37. Rb5 Kg6 38. e4 h5 39. Kf3 Kh6 40. Rb8 g6 41. b5 Kg5 42. b6 Rb3+ 43. Kf2 Kf4 44. b7 Rb2+ 45. Kf1 Ke3 46. Kg1 g5 47. Kh2 h4 48. Rf8 Rxb7 49. Rxf6 Kxe4 {Game drawn by mutual agreement} 1/2-1/2

[Event "FICS rated blitz game"]
[Site "FICS freechess.org"]
[FICSGamesDBGameNo "20003212"]
[White "Darya"]
[Black "ZackZapp"]
[WhiteElo "1226"]
[BlackElo "1374"]
[WhiteRD "na"]
[BlackRD "na"]
[TimeControl "120+12"]
[Date "1999.10.28"]
[Time "16:14:00"]
[WhiteClock "0:02:00.000"]
[BlackClock "0:02:00.000"]
[ECO "C50"]
[PlyCount "105"]
[Result "1-0"]

1. e4 e5 2. Bc4 Nc6 3. Nf3 Bc5 4. d3 h6 5. Be3 Be7 6. d4 exd4 7. Bxd4 Nxd4 8. Qxd4 d6 9. Qxg7 Be6 10. Bxe6 fxe6 11. Qxh8 Kd7 12. Qc3 Qf8 13. a3 h5 14. Nbd2 Rd8 15. O-O-O Kc8 16. Nc4 e5 17. Ncxe5 dxe5 18. Rxd8+ Qxd8 19. Nxe5 Bg5+ 20. Kb1 Qf6 21. Nf3 Qg6 22. Nxg5 Qxg5 23. Qg3 Qd8 24. Qd3 Qe8 25. Qh3+ Kb8 26. Qd3 Nf6 27. Rd1 Kc8 28. e5 Ng4 29. Qf5+ Kb8 30. Qd7 Qxd7 31. Rxd7 Kc8 32. Rh7 Nxe5 33. Rxh5 Ng4 34. f4 Nf6 35. Rh8+ Kd7 36. h3 a6 37. g4 Ne4 38. g5 Nd6 39. g6 Nf5 40. Rh7+ Kc6 41. g7 Ne7 42. Rh8 Kd6 43. g8=Q Nxg8 44. Rxg8 Ke6 45. h4 Kf5 46. h5 Kxf4 47. h6 Ke3 48. h7 c5 49. h8=Q b5 50. Rd8 a5 51. Qe5+ Kf3 52. Rf8+ Kg4 53. Qg7+ {Black resigns} 1-0

[Event "FICS rated blitz game"]
[Site "FICS freechess.org"]
[FICSGamesDBGameNo "20003211"]
[White "Deadh"]
[Black "omnivore"]
[WhiteElo "1760"]
[BlackElo "1852"]
[WhiteRD "na"]
[BlackRD "na"]
[TimeControl "180+0"]
[Date "1999.10.28"]
[Time "16:02:00"]
[WhiteClock "0:03:00.000"]
[BlackClock "0:03:00.000"]
[ECO "C21"]
[PlyCount "108"]
[Result "0-1"]

1. d4 d6 2. e4 e5 3. dxe5 Nc6 4. exd6 Bxd6 5. Nc3 Nf6 6. Nf3 O-O 7. Bd3 Bg4 8. O-O Ne5 9. Be2 Bxf3 10. Bxf3 Nfd7 11. Qe2 Qf6 12. Nd5 Qh4 13. g3 Nxf3+ 14. Qxf3 Qh3 15. Qg2 Qe6 16. f4 Rae8 17. e5 Bc5+ 18. Kh1 Bb6 19. Nxb6 Nxb6 20. Be3 Rd8 21. Bxb6 cxb6 22. Rad1 Qxa2 23. Rde1 Qxb2 24. f5 Rc8 25. Re2 Rfe8 26. e6 fxe6 27. fxe6 Qa2 28. e7 Qa3 29. Qd5+ Kh8 30. Qf7 Qc5 31. Rf5 Qc6+ 32. Kg1 Qd6 33. Ref2 h6 34. Qf8+ Rxf8 35. exf8=Q+ Rxf8 36. Rxf8+ Kh7 37. R8f3 b5 38. h4 a5 39. g4 Qd1+ 40. Kg2 a4 41. g5 b4 42. gxh6 Kxh6 43. Rd3 Qg4+ 44. Kf1 Qxh4 45. Rff3 Qh1+ 46. Ke2 Qg2+ 47. Ke3 Qg1+ 48. Kf4 g5+ 49. Kf5 Qc5+ 50. Ke4 Qe7+ 51. Kd4 a3 52. Rh3+ Kg6 53. Rde3 Qd6+ 54. Kc4 a2 {White forfeits on time} 0-1

[Event "FICS rated lightning game"]
[Site "FICS freechess.org"]
[FICSGamesDBGameNo "20003210"]
[White "BlueBishop"]
[Black "MDerby"]
[WhiteElo "1512"]
[BlackElo "1441"]
[WhiteRD "na"]
[BlackRD "na"]
[TimeControl "60+0"]
[Date "1999.10.28"]
[Time "15:19:00"]
[WhiteClock "0:01:00.000"]
[BlackClock "0:01:00.000"]
[ECO "A10"]
[PlyCount "80"]
[Result "0-1"]

1. c4 d5 2. b3 Nf6 3. cxd5 Nxd5 4. Nc3 Nc6 5. Nxd5 Qxd5 6. e4 Qxe4+ 7. Qe2 Bf5 8. Qxe4 Bxe4 9. f3 Bc2 10. Bb5 O-O-O 11. Bxc6 bxc6 12. Ne2 Bd3 13. O-O Bxe2 14. Re1 Bb5 15. Bb2 a5 16. a4 Ba6 17. Ba3 Rd7 18. Rac1 Kb7 19. Rc3 e6 20. Rec1 Bxa3 21. b4 Bxb4 22. Rb3 Rxd2 23. Re1 c5 24. Rc1 c4 25. h3 cxb3 26. Rc4 b2 27. Rd4 b1=Q+ 28. Kh2 Bd6+ 29. f4 Rxd4 30. Kg3 Bxf4+ 31. Kf3 Qd1+ 32. Kf2 Qd2+ 33. Kg1 Be3+ 34. Kh2 Qe1 35. h4 Bf4+ 36. Kh3 f5 37. g3 Bd2 38. Kg2 Rxa4 39. Kh3 Rxh4+ 40. Kg2 Qxg3+ {White forfeits on time} 0-1